 Dungeon Crawl Stone Soup version 0.29.1-1-gd02db6906a (webtiles) character file.

Game seed: 7503013709276139248

358 juncz the Chiller (level 6, -1/44 HPs)
             Began as a Gnoll Ice Elementalist on Sept 28, 2022.
             Slain by an orc priest
             ... wielding a +0 trident
              (6 damage)
             ... on level 4 of the Dungeon.
             The game lasted 00:06:06 (4497 turns).

juncz the Chiller (Gnoll Ice Elementalist)          Turns: 4497, Time: 00:06:06

Health: -1/44      AC:  2    Str:  7    XL:     6   Next: 64%
Magic:  4/14       EV: 13    Int: 17    God:
Gold:   155        SH:  0    Dex: 12    Spells: 8/15 levels left

rFire   . . .      SeeInvis .   e - +1 dagger (freeze)
rCold   . . .      Faith    .   (no shield)
rNeg    . . .      Spirit   .   a - +0 robe
rPois   .          Reflect  .   (no helmet)
rElec   .          Harm     .   (no cloak)
rCorr   .          Rampage  .   (no gloves)
Will    .....                   (no boots)
Stlth   +++.......              (no amulet)
HPRegen 0.14/turn               (no ring)
MPRegen 0.14/turn               (no ring)

@: no status effects
A: fangs 1, strong nose, distributed training
a: no special abilities


You were on level 4 of the Dungeon.
You visited 1 branch of the dungeon, and saw 4 of its levels.

You collected 155 gold pieces.

Inventory:

Hand Weapons
 e - a +1 dagger of freezing (weapon)
Missiles
 c - 40 stones
 g - a throwing net
 q - a poisoned dart
Armour
 a - a +0 robe (worn)
Wands
 r - a wand of iceblast (6)
Scrolls
 d - 5 scrolls of identify {unknown}
 i - a scroll of immolation {unknown}
 l - a scroll of blinking {unknown}
 o - a scroll of enchant weapon {unknown}
 s - a scroll of amnesia {unknown}
Potions
 b - 2 potions of magic
 f - 2 potions of flight {unknown}
 h - a potion of attraction {unknown}
 j - a potion of invisibility {unknown}
 k - 3 potions of curing {unknown}
 m - a potion of brilliance {unknown}
 n - 2 potions of resistance {unknown}
 p - 2 potions of lignification {unknown}


   Skills:
 + Level 2.1 Fighting
 + Level 2.1 Short Blades
 + Level 2.1 Long Blades
 + Level 2.1 Axes
 + Level 2.1 Maces & Flails
 + Level 2.1 Polearms
 + Level 2.1 Staves
 + Level 2.1 Ranged Weapons
 + Level 2.1 Throwing
 + Level 2.1 Armour
 + Level 5.0 Dodging
 + Level 4.7 Stealth
 + Level 2.1 Shields
 + Level 2.1 Unarmed Combat
 + Level 5.4 Spellcasting
 + Level 1.7 Conjurations
 + Level 1.7 Hexes
 + Level 1.7 Summonings
 + Level 1.7 Necromancy
 + Level 1.7 Translocations
 + Level 1.7 Transmutations
 + Level 1.7 Fire Magic
 + Level 7.3 Ice Magic
 + Level 1.7 Air Magic
 + Level 1.7 Earth Magic
 + Level 1.7 Poison Magic
 + Level 2.3 Invocations
 + Level 2.1 Evocations


You had 8 spell levels left.
You knew the following spells:

 Your Spells              Type           Power      Damage    Failure   Level
a - Freeze                Ice            100%       1d11      1%          1
b - Frozen Ramparts       Ice            58%        1d9       1%          3
c - Ozocubu's Armour      Ice            29%        N/A       1%          3

Your spell library contained the following spells:

 Spells                   Type           Power      Damage    Failure   Level
 Sublimation of Blood     Necr           10%        N/A       10%         2
 Wereblood                Tmut           10%        N/A       10%         2
 Hailstorm                Conj/Ice       20%        3d6       22%         4
 Summon Hydra             Summ           5%         N/A       100%        7


Dungeon Overview and Level Annotations

Branches:
Dungeon (4/15)
 Temple: D:4-7

Altars:

Shops:
D:4 :


Innate Abilities, Weirdness & Mutations

You have very sharp teeth.
Your uncanny sense of smell can sniff out nearby items.
Your experience applies equally to all skills.


Message History

The walls around you are covered in ice.
The wall freezes the orc.
The wall freezes the orc priest.
The orc priest mumbles some strange prayers to Beogh against you.
Beogh smites you!
The wall freezes the orc.
You kill the orc!
The wall freezes the orc priest.
The wall freezes the endoplasm.
An orc priest comes into view. It is wielding a +0 trident.
The wall freezes the orc priest!
You kill the orc priest!
The wall freezes the endoplasm.
You kill the endoplasm!
The orc priest looks encouraged for a moment.
Casting: Frozen Ramparts (safe; 1% risk of failure)
Confirm with . or Enter, or press ? or * to list all spells.
You can't see any susceptible monsters within range! (Use Z to cast anyway.)
Your frozen ramparts will break if you move.
Continue? [Y]es or [N]o only, please.
Your frozen ramparts will break if you move.
Continue? [Y]es or [N]o only, please.
Your frozen ramparts will break if you move.
Continue?
The frozen ramparts melt away as you move.
There is an open door here.
You see here a +0 giant club.
The orc priest invokes the aid of Beogh against you.
Beogh smites you!
* * * LOW HITPOINT WARNING * * *
Things that are here:
a +0 hand axe; a +0 hand axe; a boomerang The orc priest miscasts a cantrip.
Casting: Frozen Ramparts (safe; 1% risk of failure)
Confirm with . or Enter, or press ? or * to list all spells.
Aiming: Freeze (safe; 1% risk of failure)
Press: ? - help, Shift-Dir - straight line, f - orc priest
Aim: an orc priest, wielding a +0 trident and wearing a +0 leather armour You freeze the orc priest.
The orc priest is lightly wounded.
The orc priest hits you with a +0 trident.
You die...

.# #.##.......'.......####+#
.# #.##.......#.......#
.########..##......#......##
#...........'......#......+
.#############...#####...##
## #.#)#...#+#.#
###)......### #...†.......#
##.@.......## +..o......+
##.......## #.......#
####(#### )# .. ..


You could see an orc priest.

Vanquished Creatures
  An ogre (D:4)
  A howler monkey (D:4)
  An orc priest (D:4)
  A hound (D:3)
  A gnoll (D:2)
  8 adders
  5 worms
  A dart slug (D:2)
  4 orcs (D:4)
  12 ball pythons
  7 endoplasms
  4 giant cockroaches
  8 goblins
  2 hobgoblins
  3 jackals (D:1)
  A quokka (D:3)
  7 bats
  7 frilled lizards
  6 kobolds
  3 rats
83 creatures vanquished.

Notes
Turn   | Place    | Note
-------+----------+-------------------------------------------
     0 | D:1      | juncz the Gnoll Ice Elementalist began the quest for the
                  | Orb.
     0 | D:1      | Reached XP level 1. HP: 13/13 MP: 6/6
    63 | D:1      | Reached XP level 2. HP: 12/19 MP: 2/7
   502 | D:1      | Found a faded altar of an unknown god.
  1156 | D:2      | Reached skill level 5 in Spellcasting
  1156 | D:2      | Reached XP level 3. HP: 25/25 MP: 5/9
  1160 | D:2      | Learned a level 3 spell: Frozen Ramparts
  1164 | D:2      | Learned a level 3 spell: Ozocubu's Armour
  1330 | D:2      | Reached skill level 1 in Invocations
  1797 | D:2      | Reached skill level 1 in Fighting
  1797 | D:2      | Reached skill level 1 in Short Blades
  1797 | D:2      | Reached skill level 1 in Long Blades
  1797 | D:2      | Reached skill level 1 in Axes
  1797 | D:2      | Reached skill level 1 in Maces & Flails
  1797 | D:2      | Reached skill level 1 in Polearms
  1797 | D:2      | Reached skill level 1 in Staves
  1797 | D:2      | Reached skill level 1 in Ranged Weapons
  1797 | D:2      | Reached skill level 1 in Throwing
  1797 | D:2      | Reached skill level 1 in Armour
  1797 | D:2      | Reached skill level 1 in Shields
  1797 | D:2      | Reached skill level 1 in Unarmed Combat
  1797 | D:2      | Reached skill level 1 in Evocations
  1927 | D:2      | Reached XP level 4. HP: 32/32 MP: 3/11
  2134 | D:2      | Reached skill level 1 in Conjurations
  2134 | D:2      | Reached skill level 1 in Hexes
  2134 | D:2      | Reached skill level 1 in Summonings
  2134 | D:2      | Reached skill level 1 in Necromancy
  2134 | D:2      | Reached skill level 1 in Translocations
  2134 | D:2      | Reached skill level 1 in Transmutations
  2134 | D:2      | Reached skill level 1 in Fire Magic
  2134 | D:2      | Reached skill level 1 in Air Magic
  2134 | D:2      | Reached skill level 1 in Earth Magic
  2134 | D:2      | Reached skill level 1 in Poison Magic
  3249 | D:3      | Reached XP level 5. HP: 37/37 MP: 7/12
  3905 | D:4      | Found Gaopuph's Self-Improvement Boutique.
  4462 | D:4      | Reached XP level 6. HP: 33/44 MP: 10/14
  4476 | D:4      | Reached skill level 5 in Dodging
  4497 | D:4      | Slain by an orc priest

Illustrated notes

Levels and vault maps discovered:
D:1:      dpeg_arrival_windows_large_door, layout_basic,
          ebering_ecumenical_altar_petrified
D:2:      kennysheep_big_flooded_room, layout_basic, corexii_corridor_pit,
          minmay_puff
D:3:      minmay_wonky_spiral, layout_loops_ring
D:4:      nicolae_cairo_tiling_very_big, layout_loops_cross,
          fedhas_ov_isle_minmay, minivault_4, nicolae_shop_self_help

Skill      XL: |  1  2  3  4  5  6 |
---------------+-------------------+-----
Spellcasting   | 5 |  5.4
Invocations    | 1 2 |  2.3
Fighting       | 1 2 |  2.1
Short Blades   | 1 2 |  2.1
Long Blades    | 1 2 |  2.1
Axes           | 1 2 |  2.1
Maces & Flails | 1 2 |  2.1
Polearms       | 1 2 |  2.1
Staves         | 1 2 |  2.1
Ranged Weapons | 1 2 |  2.1
Throwing       | 1 2 |  2.1
Armour         | 1 2 |  2.1
Shields        | 1 2 |  2.1
Unarmed Combat | 1 2 |  2.1
Evocations     | 1 2 |  2.1
Conjurations   | 1 |  1.7
Hexes          | 1 |  1.7
Summonings     | 1 |  1.7
Necromancy     | 1 |  1.7
Translocations | 1 |  1.7
Transmutations | 1 |  1.7
Fire Magic     | 1 |  1.7
Air Magic      | 1 |  1.7
Earth Magic    | 1 |  1.7
Poison Magic   | 1 |  1.7
Dodging        | 5 |  5.0
Stealth        | |  4.7
Ice Magic      | |  7.3

Action                   |  1- 3 |  4- 6 || total
-------------------------+-------+-------++-------
Melee: Unarmed           |    29 |       ||    29
       Dagger            |     8 |    10 ||    18
       Bite              |     3 |     2 ||     5
Throw: Dart              |       |     1 ||     1
 Cast: Freeze            |    48 |    71 ||   119
       Frozen Ramparts   |       |    10 ||    10
 Stab: Sleeping          |     1 |       ||     1
Armor: Robe              |    13 |    10 ||    23
Dodge: Dodged            |    65 |    31 ||    96
